 Dungeon Crawl Stone Soup version 0.24-a0-520-g8fd06ad0bc (webtiles) character file.

Game seed: 10865034655198291963

93 Hasart the Conjurer (level 4, -2/24 HPs)
             Began as a Tengu Conjurer on July 22, 2019.
             Killed from afar by an orc wizard (4 damage)
             ... with a puff of flame
             ... on level 3 of the Dungeon on July 24, 2019.
             The game lasted 00:05:57 (2279 turns).

Hasart the Conjurer (Tengu Conjurer)                Turns: 2279, Time: 00:05:58

Health: -2/24      AC:  2    Str:  9    XL:     4   Next: 61%
Magic:  2/9        EV: 13    Int: 16    God:
Gold:   55         SH:  0    Dex: 14    Spells: 3/8 levels left

rFire    . . .     SeeInvis .   d - +0 dagger
rCold    . . .     Gourm    .   (no shield)
rNeg     + . .     Faith    .   q - +0 robe (curse)
rPois    .         Spirit   .   (helmet restricted)
rElec    .         Reflect  .   (no cloak)
rCorr    .         Harm     .   (no gloves)
MR       +....                  (boots unavailable)
Stlth    ++........             (no amulet)
HPRegen  0.08/turn              h - ring of protection from magic
MPRegen  0.11/turn              e - ring of positive energy

@: no status effects
A: beak, talons 3
a: no special abilities


You were on level 3 of the Dungeon.
You were not hungry.

You visited 1 branch of the dungeon, and saw 3 of its levels.

You collected 55 gold pieces.

Inventory:

Hand Weapons
 d - a +0 dagger (weapon)
Armour
 q - a cursed +0 robe (worn)
Jewellery
 e - a ring of positive energy (right hand)
 h - a ring of protection from magic (left hand)
 k - an uncursed ring of fire
 r - an uncursed amulet of faith {unknown}
Scrolls
 a - a scroll of random uselessness {unknown}
 b - 5 scrolls of identify {unknown}
 g - a scroll of teleportation {unknown}
 j - a scroll of magic mapping {unknown}
 n - a scroll of amnesia {unknown}
 o - a scroll of noise {unknown}
 p - a scroll of remove curse {unknown}
Potions
 i - 2 potions of curing {unknown}
 l - a potion of berserk rage {unknown}
 m - a potion of lignification {unknown}
Comestibles
 c - 5 rations


   Skills:
 - Level 0.1 Fighting
 - Level 0.2 Short Blades
 + Level 2.8 Dodging
 - Level 2.1 Stealth
 + Level 2.7 Spellcasting
 * Level 6.7 Conjurations


You had 3 spell levels left.
You knew the following spells:

 Your Spells              Type           Power        Failure   Level  Hunger
a - Magic Dart            Conj           ###.         1%          1    #......
b - Iskenderun's Mystic   Conj           ###.....     12%         4    #####..

Your spell library contained the following spells:

 Spells                   Type           Power        Failure   Level  Hunger
 Searing Ray              Conj           ###...       1%          2    ##.....
 Dazzling Spray           Conj/Hex       ##....       14%         3    ###....
 Force Lance              Conj/Tloc      ##......     43%         4    #####..
 Fulminant Prism          Conj/Hex       ##........   43%         4    #####..


Dungeon Overview and Level Annotations

Branches:
Dungeon (3/15)

Altars:
Ashenzari


Innate Abilities, Weirdness & Mutations

You have a beak for a mouth.
You have claws for feet.


Message History

Casting: Magic Dart (safe; 1% risk of failure)
Confirm with . or Enter, or press ? or * to list all spells.
Aiming: Magic Dart (safe; 1% risk of failure)
Press: ? - help, Shift-Dir - straight line, f - orc
Aim: an orc The magic dart hits the orc.
The orc is lightly wounded.
The orc hits you.
* * * LOW HITPOINT WARNING * * *
Casting: Magic Dart (safe; 1% risk of failure)
Confirm with . or Enter, or press ? or * to list all spells.
Aiming: Magic Dart (safe; 1% risk of failure)
Press: ? - help, Shift-Dir - straight line, f/p - orc
Aim: an orc (lightly wounded)
The magic dart hits the orc.
The orc is severely wounded.
You hear some strange, mumbled words.
A puff of flame appears from out of thin air!
The puff of flame hits you.
You die...

#.....#.#.#.# #.#..
#####.#.#.#.######.#..
#.#...#...........
#.############.#.. #.#
#.#.. #.# #.#.. #o#
#.... #)# ###.# #@#
#....
#o############.#..
#..............###
#.############## ###


You could see 2 orcs.

Vanquished Creatures
  3 adders (D:2)
  An ooze (D:1)
  A worm (D:2)
  3 dart slugs
  2 orcs (D:3)
  2 ball pythons
  3 bats
  8 goblins
  5 hobgoblins
  A quokka (D:2)
  4 frilled lizards
  8 kobolds
  10 rats
51 creatures vanquished.

Notes
Turn   | Place    | Note
-------+----------+-------------------------------------------
     0 | D:1      | Hasart the Tengu Conjurer began the quest for the Orb.
     0 | D:1      | Reached XP level 1. HP: 10/10 MP: 4/4
   153 | D:1      | Reached XP level 2. HP: 15/15 MP: 0/6
   324 | D:1      | Upgraded the game from 0.24-a0-516-g9de272bb65 to
                  | 0.24-a0-520-g8fd06ad0bc
   698 | D:1      | Reached skill level 6 in Conjurations
   698 | D:1      | Reached XP level 3. HP: 19/19 MP: 2/7
  1241 | D:2      | Reached XP level 4. HP: 24/24 MP: 1/8
  1339 | D:2      | Learned a level 4 spell: Iskenderun's Mystic Blast
  1452 | D:2      | Found a shattered altar of Ashenzari.
  2279 | D:3      | Killed from afar by an orc wizard

Levels and vault maps discovered:
D:1:      lemuel_arrival_tunnels, layout_loops_ring
D:2:      layout_rooms, nicolae_ashenzari_panopticon, chequers_decorated_corner
D:3:      layout_basic, first_ration

Skill      XL: |  1  2 |
---------------+-------+-----
Conjurations   | 6 |  6.7
Fighting       | |  0.1
Short Blades   | |  0.2
Dodging        | |  2.8
Stealth        | |  2.1
Spellcasting   | |  2.7

Action                   |  1- 3 |  4- 6 || total
-------------------------+-------+-------++-------
Melee: Dagger            |     6 |     1 ||     7
       Kick              |     1 |     1 ||     2
       Peck              |     1 |       ||     1
 Cast: Magic Dart        |    66 |    52 ||   118
  Eat: Chunk             |     2 |     3 ||     5
Armor: Robe              |     1 |     3 ||     4
Dodge: Dodged            |    11 |    11 ||    22

Table legend:
 A = Non-vault XP
 B = Vault XP
 C = Vault XP percentage of total XP
 D = Non-vault monster count
 E = Vault monster count
 F = Vault count percentage of total count
                 A         B        C        D         E       F
            +---------+---------+-------+---------+---------+-------
      Total |     133 |       0 |   0.0 |      51 |       0 |   0.0
            +---------+---------+-------+---------+---------+-------
        D:1 |      43 |       0 |   0.0 |      22 |       0 |   0.0
        D:2 |      84 |       0 |   0.0 |      27 |       0 |   0.0
        D:3 |       6 |       0 |   0.0 |       2 |       0 |   0.0
            +---------+---------+-------+---------+---------+-------
